Map: King's Cove LE

Players

Elazer

  • Race: Zerg Zerg
  • League: Master
  • Spawn Location: 11:00

OGZest (Zest) - Winner!

  • Race: Protoss Protoss
  • Spawn Location: 5:00

Event: HomeStory Cup XIX

VOD

Have the link to the VOD?

Description

Time

  • Played on: June 30, 2019, 10:22 a.m.
  • Length: 7:47

All games in this series

Show
View Real Time Build Order
Export as new Build Order

Elazer Zerg 

Build Orders: Hatch First 

Get SALT Encoding   

  12  0:00  Drone  
  13  0:12  Overlord  
  13  0:17  Drone  
  14  0:30  Drone x2  
  16  0:48  Hatchery  
  15  0:51  Drone  
  15  0:56  Drone  
  17  0:59  Drone  
  18  1:10  Extractor  
  17  1:14  Spawning Pool  
  17  1:17  Drone  
  17  1:21  Drone  
  18  1:27  Drone  
  19  1:39  Drone  
  20  1:49  Drone  
  21  2:02  Queen x2  
  21  2:03  Zergling x2, Overlord  
  26  2:15  Zergling x2, Drone  
  28  2:23  Drone x2  
  30  2:32  Drone  
  30  2:34  Drone  
  32  2:39  Hatchery  
  31  2:46  Queen  
  33  2:51  Metabolic Boost  
  33  2:55  Overlord  
  33  2:58  Drone  
  34  3:00  Drone  
  34  3:02  Drone  
  36  3:13  Drone x4  
  36  3:19  Drone  
  40  3:20  Drone x2  
  40  3:22  Overlord  
  42  3:28  Overlord  
  42  3:29  Drone  
  42  3:32  Drone  
  44  3:38  Overlord  
  44  3:46  Drone, Queen  
  44  3:47  Drone  
  48  3:49  Drone  
  48  3:50  Spore Crawler  
  48  3:52  Spore Crawler  
  48  3:53  Drone  
  48  3:55  Drone  
  48  3:56  Drone  
  48  3:58  Drone  
  48  4:01  Drone x2  
  53  4:03  Drone  
  53  4:04  Drone  
  53  4:09  Spore Crawler  
  54  4:11  Overlord  
  54  4:14  Drone x2  
  52  4:18  Drone x2  
  52  4:22  Queen  
  56  4:26  Drone x2  
  56  4:30  Drone x2  
  60  4:32  Drone  
  60  4:34  Drone  
  60  4:36  Drone x2  
  64  4:40  Extractor  
  64  4:41  Extractor  
  64  4:44  Drone x2, Roach Warren  
  63  4:48  Lair  
  63  4:51  Drone  
  63  4:52  Drone  
  65  4:53  Drone  
  65  4:54  Drone  
  65  4:58  Drone x3  
  68  5:00  Drone x2  
  68  5:03  Drone x3  
  71  5:08  Drone x3  
  71  5:14  Drone, Overlord  
  73  5:16  Drone  
  73  5:19  Overlord  
  73  5:24  Overlord  
  73  5:25  Extractor  
  73  5:26  Evolution Chamber, Roach  
  73  5:29  Roach  
  73  5:30  Overlord  
  73  5:33  Roach x4  
  81  5:38  Roach  
  81  5:39  Roach x2  
  87  5:42  Overlord  
  87  5:45  Extractor  
  87  5:46  Evolution Chamber, Ravager  
  87  5:47  Overseer  
  85  5:50  Overlord  
  85  5:53  Drone x2  
  84  5:59  Drone x5  
  84  6:01  Drone x2  
  91  6:13  Hydralisk Den  
  91  6:15  Roach  
  92  6:18  Roach  
  92  6:19  Roach  
  92  6:21  Roach x2  
  92  6:24  Roach x2  
  104  6:26  Ravager x2  
  104  6:29  Roach  
  104  6:31  Ravager x2  
  102  6:35  Roach  
  102  6:38  Overlord  
  102  6:39  Roach  
  105  6:46  Roach  
  105  6:47  Roach  
  109  6:49  Roach x2  
  113  6:59  Roach x5  
  119  7:14  Roach x6  
  112  7:23  Roach x5  
  112  7:26  Roach  
Show
View Real Time Build Order
Export as new Build Order

OGZest Protoss - Winner!

Build Orders: 1 Gate Expand, Oracle Opening, Phoenix Opening 

Get SALT Encoding   

  12  0:00  Probe  
  13  0:12  Probe  
  14  0:18  Pylon  
  14  0:24  Probe  
  15  0:33  Probe  
  15  0:38  Gateway  
  15  0:41  Probe  
  16  0:47  Assimilator  
  17  0:51  Probe  
  18  1:03  Probe  
  19  1:15  Probe  
  20  1:26  Nexus  
  20  1:37  Cybernetics Core  
  20  1:39  Probe  
  21  1:45  Assimilator  
  21  1:52  Probe  
  22  1:55  Pylon  
  22  2:03  Adept  
  22  2:04  Probe  
  25  2:17  Stargate  
  25  2:19  Probe  
  26  2:25  Warp Gate  
  26  2:31  Probe  
  26  2:33  Adept  
  26  2:35  Probe  
  29  2:43  Probe x2  
  32  2:53  Probe, Phoenix  
  32  2:55  Probe  
  34  3:05  Probe  
  37  3:06  Oracle  
  37  3:07  Probe, Pylon  
  38  3:19  Probe  
  43  3:20  Probe  
  43  3:25  Assimilator  
  43  3:26  Assimilator  
  43  3:31  Probe  
  43  3:32  Probe  
  43  3:34  Oracle  
  45  3:36  Gateway  
  45  3:45  Probe x2  
  50  3:56  Pylon  
  50  3:57  Probe  
  50  3:58  Probe  
  50  4:01  Robotics Facility  
  52  4:07  Oracle  
  52  4:09  Probe  
  53  4:10  Probe  
  54  4:21  Probe  
  54  4:22  Probe  
  59  4:25  Pylon  
  59  4:27  Sentry  
  61  4:33  Pylon  
  61  4:34  Probe  
  62  4:41  Warp Prism  
  62  4:43  Sentry  
  62  4:45  Gateway x2  
  66  4:53  Gateway  
  66  4:56  Sentry  
  68  5:10  Immortal  
  68  5:20  Sentry x2  
  76  5:25  Gateway, Pylon  
  76  5:27  Pylon  
  76  5:28  Gateway  
  76  5:30  Gateway  
  76  5:40  Immortal  
  80  6:05  Sentry x5, Pylon  
  90  6:18  Observer  
  90  6:21  Pylon  
  88  6:42  Stalker x4  
  88  6:43  Stalker x3  
  88  6:45  Nexus  
  88  6:46  Pylon  
  102  6:47  Stalker  
  101  7:05  Stalker x4  
  109  7:11  Stalker, Zealot  
  103  7:16  Stalker  
  96  7:27  Sentry x2  
  96  7:33  Stalker, Zealot x3  
  96  7:35  Zealot x2  
Tags
 
Add a new tag
Caveats
  • Supply blocks, unpowered buildings, or Contaminate may cause inaccurate times.
  • Supply counts are checked every 10 seconds.